 Dungeon Crawl Stone Soup version 0.27.0-1-g7a089689b8 (webtiles) character file.

Game seed: 9282552810891621608

7577 MajorAdolf the Spear-Bearer (level 11, -2/90 HPs)
             Began as a Naga Wanderer on Aug 10, 2021.
             Was a Follower of Hepliaklqana.
             Slain by a water moccasin (7 damage)
             ... on level 9 of the Dungeon.
             The game lasted 00:20:25 (15610 turns).

MajorAdolf the Spear-Bearer (Naga Wanderer)        Turns: 15610, Time: 00:20:25

Health: -2/90      AC: 23    Str: 18    XL:     11   Next: 17%
Magic:  15/15      EV:  8    Int: 13    God:    Hepliaklqana [*.....]
Gold:   445        SH:  0    Dex: 10    Spells: 11/14 levels left

rFire    . . .     SeeInvis +   a - +2 spear
rCold    . . .     Faith    .   (no shield)
rNeg     . . .     Spirit   .   w - +3 ring mail
rPois    +         Reflect  .   (no helmet)
rElec    .         Harm     .   (no cloak)
rCorr    .         Rampage  .   (no gloves)
Will     +....                  g - +0 barding
Stlth    +.........             (no amulet)
HPRegen  0.25/turn              E - +4 ring of protection
MPRegen  0.14/turn              t - +4 ring of protection

@: lethally poisoned (-2 -> -5), very slow
A: reduced essence, AC +3, large, see invisible, deformed body, poison
resistance, slowness 2, spit poison 1, naga tail 1
a: Spit Poison, Renounce Religion, Recall Ancestor, Ancestor Identity


You were on level 9 of the Dungeon.
You worshipped Hepliaklqana.
Hepliaklqana was aware of your devotion.
You visited 2 branches of the dungeon, and saw 10 of its levels.

You collected 505 gold pieces.
You spent 60 gold pieces at shops.

Inventory:

Hand Weapons
 a - a +2 spear (weapon)
 d - a +0 dagger
Missiles
 o - 22 poisoned darts
Armour
 b - a +0 ring mail
 g - a +0 barding (worn)
 h - a +1 cloak of willpower
 m - a +0 chain mail
 n - a +0 scale mail
 w - a +3 ring mail (worn)
Jewellery
 f - a ring of willpower
 t - a +4 ring of protection (right hand)
 C - a ring of ice
 D - a ring of wizardry
 E - a +4 ring of protection (left hand)
 G - a +6 ring of dexterity
Wands
 v - a wand of flame (14)
 A - a wand of paralysis (7)
 B - a wand of acid (3)
 H - a wand of polymorph (3)
 J - a wand of charming (3)
Scrolls
 c - a scroll of teleportation
 k - 3 scrolls of noise {unknown}
 l - a scroll of torment {unknown}
 p - a scroll of enchant armour {unknown}
 u - a scroll of silence {unknown}
 x - a scroll of enchant weapon {unknown}
 y - a scroll of vulnerability {unknown}
 K - 6 scrolls of identify {unknown}
Potions
 e - 3 potions of mutation {unknown}
 i - 2 potions of degeneration {unknown}
 j - 5 potions of curing
 q - 2 potions of brilliance {unknown}
 r - 3 potions of flight {unknown}
 s - 7 potions of heal wounds
 z - 2 potions of attraction {unknown}
 F - a potion of lignification {unknown}
 I - a potion of magic {unknown}


   Skills:
 + Level 7.6 Fighting
 + Level 8.9 Polearms
 + Level 2.0 Throwing
 + Level 6.3 Armour
 + Level 5.2 Dodging
 - Level 3.0 Stealth
 + Level 2.0 Spellcasting
 + Level 2.6 Conjurations
 - Level 2.0 Fire Magic
 + Level 2.3 Air Magic
 + Level 3.1 Poison Magic
 + Level 6.1 Invocations


You had 11 spell levels left.
You knew the following spells:

 Your Spells              Type           Power      Damage    Failure   Level
a - Mephitic Cloud        Conj/Pois/Air  8%         N/A       38%         3

Your spell library contained the following spells:

 Spells                   Type           Power      Damage    Failure   Level
 Magic Dart               Conj           32%        1d4       14%         1
 Shock                    Conj/Air       28%        1d4       16%         1
 Foxfire                  Conj/Fire      28%        2x1d5     17%         1
 Swiftness                Air            7%         N/A       43%         3
 Conjure Flame            Conj/Fire      7%         6-21      45%         3
 Call Imp                 Summ           1%         N/A       54%         2
 Inner Flame              Hex/Fire       3%         N/A       63%         3
 Airstrike                Air            3%         N/A       85%         4
 Iskenderun's Battlesphe  Conj           8%         2d6       99%         5
 Iron Shot                Conj/Erth      2%         9d2       100%        6
 Spellforged Servitor     Conj/Summ      2%         N/A       100%        7


Dungeon Overview and Level Annotations

Branches:
Dungeon (9/15)             Temple (1/1) D:4             Orc (0/2) D:9
   Lair: D:8-11

Altars:
Ashenzari
Cheibriados
Dithmenos
Elyvilon
Fedhas
Gozag
Hepliaklqana
Kikubaaqudgha
Makhleb
Nemelex Xobeh
Okawaru
Qazlal
Ru
Sif Muna
Trog
Uskayaw
Vehumet
Wu Jian
Xom
Yredelemnul
Zin
The Shining One

Shops:
D:7 !

Annotations:
D:7 exclusion: 2 doors
D:9 Erolcha


Innate Abilities, Weirdness & Mutations

Your life essence is reduced to manifest your ancestor. (-10% HP)
Your serpentine skin is tough. (AC +3)
You have supernaturally acute eyesight. (SInv)
Armour fits poorly on your strangely shaped body.
Your system is resistant to poisons. (rPois)
You cover ground very slowly.
You can spit poison.
You have a snake-like lower body.


Message History

The water moccasin is moderately wounded.
The water moccasin bites you but does no damage.
Unknown command.
You closely miss the water moccasin.
The water moccasin is moderately wounded.
Unknown command.
You barely miss the water moccasin.
The water moccasin is moderately wounded.
The water moccasin bites you but does no damage.
Unknown command.
You miss the water moccasin.
The water moccasin is moderately wounded.
The water moccasin bites you.
* * * LOW HITPOINT WARNING * * *
You are poisoned.
The water moccasin poisons you!
Unknown command.
Unknown command.
You feel very sick.
The water moccasin bites you but does no damage.
You feel very sick.
The water moccasin bites you but does no damage.
You hit the water moccasin.
The water moccasin is heavily wounded.
You feel sick. The water moccasin bites you.
* * * LOW HITPOINT WARNING * * *
You hit the water moccasin.
The water moccasin is severely wounded.
You feel sick. The water moccasin barely misses you.
You hit the water moccasin.
The water moccasin is severely wounded.
You feel sick. The water moccasin bites you!
* * * LOW HITPOINT WARNING * * *
You miss the water moccasin.
The water moccasin is severely wounded.
You feel sick. The water moccasin barely misses you.
You closely miss the water moccasin.
The water moccasin is severely wounded.
You feel sick. The water moccasin bites you!
You die...

###..# .♣. #. #..# ♣ ♣
#@ #..# #. #..# ##
#..###################
#.....?.......†.......
#...##########†######.
##### #S# #@## # #..#
# ##.# # #.# # #.#
######## # #.#
#..)...# # #.#
#.###..###
#.######.#.......
#.....##.#.#..###


You could see a water moccasin.

Vanquished Creatures
  A two-headed ogre (D:6)
  Pikel (D:6)
  An ugly thing (D:7)
  Maurice (D:9)
  Grinder (D:3)
  2 hornets
  Prince Ribbit (D:5)
  Sigmund (D:2)
  Grum (D:9)
  Eustachio (D:5)
  2 wargs (D:9)
  3 steam dragons
  5 orc warriors
  2 black bears (D:5)
  5 necrophages
  5 centaurs
  3 wolves (D:9)
  A lemure (D:6)
  An ogre (D:7)
  A phantom (D:7)
  2 bullfrogs
  A kobold brigand (D:9)
  2 scorpions (D:5)
  A water moccasin skeleton (D:4)
  5 killer bees (D:9)
  5 wights
  An electric eel (D:9)
  A bullfrog zombie (D:5)
  3 centaur zombies
  A centaur skeleton (D:5)
  A jelly (D:8)
  2 orc priests
  2 hounds
  A bullfrog skeleton (D:6)
  Terence (D:3)
  3 iguanas
  Ijyb (D:3)
  7 orc wizards
  A killer bee zombie (D:6)
  3 gnolls (D:4)
  12 adders
  2 shadow imps
  2 white imps
  An adder skeleton (D:4)
  An adder zombie (D:5)
  2 worms (D:2)
  5 dart slugs
  37 orcs
  3 bats
  6 endoplasms
  5 giant cockroaches
  6 goblins
  4 hobgoblins
  6 jackals
  3 quokkas (D:3)
  9 ball pythons
  5 frilled lizards
  7 kobolds
  5 rats
  A bush (D:5)
205 creatures vanquished.

Vanquished Creatures (collateral kills)
  A wyvern (D:9)
  A black bear (D:7)
  2 wights (D:7)
  An orc priest (D:7)
  3 orcs
8 creatures vanquished.

Vanquished Creatures (others)
  14 ancestors
  A fungus (D:1)
  26 plants
  A withered plant (D:1)
42 creatures vanquished.

Grand Total: 255 creatures vanquished

Notes
Turn   | Place    | Note
-------+----------+-------------------------------------------
     0 | D:1      | MajorAdolf the Naga Wanderer began the quest for the Orb.
     0 | D:1      | MajorAdolf set off with the following items: a +2 spear, a
                  | +0 ring mail, a scroll of teleportation, a +0 dagger
     0 | D:1      | Reached XP level 1. HP: 22/22 MP: 1/1
    94 | D:1      | Reached skill level 1 in Polearms
   495 | D:1      | Reached XP level 2. HP: 30/30 MP: 2/2
   510 | D:1      | Found a faded altar of an unknown god.
   753 | D:1      | Reached skill level 2 in Polearms
  1312 | D:2      | Reached XP level 3. HP: 18/36 MP: 3/3
  1558 | D:2      | Reached skill level 3 in Polearms
  1660 | D:2      | Reached XP level 4. HP: 36/44 MP: 4/4
  1678 | D:2      | Reached skill level 4 in Polearms
  2177 | D:2      | Noticed Sigmund
  2262 | D:3      | Noticed Terence
  2289 | D:3      | Killed Terence
  2290 | D:3      | Reached XP level 5. HP: 28/50 MP: 5/5
  2799 | D:3      | Noticed Ijyb
  3077 | D:4      | Noticed a necrophage
  3093 | D:3      | Killed a necrophage
  3094 | D:3      | Reached XP level 6. HP: 48/57 MP: 6/6
  3171 | D:4      | Identified the +2 robe "Idoch" {Rampage}
  3179 | D:4      | Reached skill level 5 in Polearms
  3605 | D:4      | Reached skill level 1 in Dodging
  3845 | D:3      | Noticed Grinder
  3877 | D:3      | Paralysed by Grinder for 5 turns
  3891 | D:3      | Killed Grinder
  3892 | D:3      | Reached XP level 7. HP: 20/64 MP: 7/7
  4533 | D:3      | Killed Ijyb
  4939 | D:2      | Killed Sigmund
  4940 | D:2      | Reached skill level 6 in Polearms
  5818 | D:4      | Reached XP level 8. HP: 60/71 MP: 8/8
  6537 | D:4      | Found a staircase to the Ecumenical Temple.
  6798 | Temple   | Entered the Ecumenical Temple
  7054 | Temple   | Became a worshipper of Hepliaklqana the Forgotten
  7209 | D:5      | Entered Level 5 of the Dungeon
  7380 | D:5      | Reached skill level 5 in Fighting
  7389 | D:5      | Reached skill level 1 in Invocations
  7586 | D:5      | Reached skill level 7 in Polearms
  7663 | D:5      | Found a blossoming altar of Fedhas.
  8325 | D:5      | Reached XP level 9. HP: 78/82 MP: 9/11
  8422 | D:6      | Noticed Prince Ribbit
  8443 | D:5      | Killed Prince Ribbit
  8799 | D:6      | Noticed a two-headed ogre
  9014 | D:6      | Reached skill level 5 in Armour
  9273 | D:6      | Noticed Pikel
  9320 | D:6      | Killed Pikel
  9956 | D:6      | Noticed Eustachio
  9993 | D:5      | Killed Eustachio
  9994 | D:5      | Reached skill level 8 in Polearms
 10134 | D:6      | Killed a two-headed ogre
 10135 | D:6      | Reached skill level 5 in Invocations
 10135 | D:6      | Reached XP level 10. HP: 42/92 MP: 13/13
 10516 | D:7      | You fall into a shaft and drop 2 floors!
 10527 | D:9      | Noticed a two-headed ogre
 10540 | D:9      | Noticed Erolcha
 10577 | D:9      | Reached * piety under Hepliaklqana
 10946 | D:7      | Found Qaluih's Distillery.
 10952 | D:7      | Bought a potion of heal wounds for 60 gold pieces
 12453 | D:7      | Learned a level 3 spell: Mephitic Cloud
 12669 | D:7      | Noticed a white ugly thing
 12699 | D:7      | Killed a white ugly thing
 12700 | D:7      | Reached skill level 1 in Poison Magic
 13544 | D:8      | Reached skill level 1 in Air Magic
 13731 | D:8      | Reached skill level 1 in Spellcasting
 14067 | D:9      | Found a staircase to the Orcish Mines.
 14082 | D:9      | Reached skill level 1 in Throwing
 14387 | D:9      | Reached skill level 5 in Dodging
 14869 | D:9      | Noticed Maurice
 14890 | D:9      | Noticed Grum
 14953 | D:9      | Killed Maurice
 14954 | D:9      | Reached XP level 11. HP: 57/90 MP: 15/15
 14967 | D:9      | Killed Grum
 15610 | D:9      | Slain by a water moccasin

Illustrated notes

Levels and vault maps discovered:
D:1:      grunt_arrival_lava_bath, layout_basic, shapermc_ecumenical_altar_gd
D:2:      layout_basic, minmay_heptomino_l4, uniq_sigmund
D:3:      layout_basic, uniq_grinder, uniq_terence, uniq_ijyb
D:4:      layout_loops_ring, minmay_temple_entry_enclosed_plants
D:5:      layout_basic, fedhas_altar_decomposition, minmay_misc_feat_enclosed,
          serial_bayou_pond_e
D:6:      layout_rooms, hangedman_glass_teeth, uniq_eustachio,
          uniq_prince_ribbit1, uniq_pikel
D:7:      layout_gridville, serial_shops, shop, corner_web_ring,
          kennysheep_small_spiral
D:8:      layout_basic, serial_shops, nicolae_shop_statue_plus,
          grunt_ministairs_5
D:9:      nzn_winding_woodlands_medium [nzn_winding_woodlands_5x5_cross,
          nzn_winding_woodlands_5x15_garden, nzn_winding_woodlands_5x5_three,
          nzn_winding_woodlands_5x5_open_star,
          nzn_winding_woodlands_center_garden,
          nzn_winding_woodlands_5x5_perimeter,
          nzn_winding_woodlands_5x5_closed_star,
          nzn_winding_woodlands_5x15_default,
          nzn_winding_woodlands_5x5_checkerboard], layout_loops_cross,
          minmay_orc_entry_guard_dogs, minivault_22, minivault_10,
          kennysheep_big_empty_room, chequers_serial_rivers_marsh,
          chequers_mini_garden, solitary_fountain, minmay_statues_item,
          uniq_grum, uniq_maurice, uniq_erolcha
Temple:   nicolae_temple_the_god_donut

Skill      XL: |  1  2  3  4  5  6  7  8  9 10 11 |
---------------+----------------------------------+-----
Polearms       | 1 2 3 4 5 6 7 8 |  8.9
Armour         | 2 3 4 5 6 |  6.3
Dodging        | 1 3 4 5 |  5.2
Fighting       | 5 6 7 |  7.6
Invocations    | 2 5 6 |  6.1
Poison Magic   | 2 3 |  3.1
Air Magic      | 2 |  2.3
Spellcasting   | 1 2 |  2.0
Throwing       | 1 2 |  2.0
Conjurations   | 2 |  2.6
Stealth        | |  3.0
Fire Magic     | |  2.0

Action                   |  1- 3 |  4- 6 |  7- 9 | 10-12 || total
-------------------------+-------+-------+-------+-------++-------
Melee: Spear             |   107 |   290 |   590 |   506 ||  1493
 Abil: Spit Poison       |     4 |    20 |    10 |     3 ||    37
Evoke: Wand              |       |       |     4 |     9 ||    13
  Use: Scroll            |       |     1 |       |     3 ||     4
 Stab: Sleeping          |     3 |       |     2 |       ||     5
       Paralysed         |       |       |    11 |       ||    11
       Distracted        |       |       |       |     2 ||     2
Armor: Ring mail         |    55 |    11 |   311 |   264 ||   641
       Chain mail        |       |    20 |       |       ||    20
       Scale mail        |       |   101 |    17 |       ||   118
Dodge: Dodged            |    22 |    51 |   165 |   129 ||   367
